 Seeded DCSS version 0.30.1-4-g462c640d31 (webtiles) character file.

Game seed: 16653573533833982129 (custom seed)

3 Psyclone the Stinger (level 1, 0/11 HPs)
             Began as an Octopode Venom Mage on Sept 18, 2023.
             Slain by a jackal (3 damage)
             ... on level 1 of the Dungeon.
             The game lasted 00:02:18 (95 turns).

Psyclone the Stinger (Octopode Venom Mage)            Turns: 95, Time: 00:02:19

Health: 0/11       AC:  1    Str:  7    XL:     1   Next: 50%
Magic:  0/3        EV: 13    Int: 17    God:
Gold:   0          SH:  0    Dex: 12    Spells: 3/4 levels left

rFire   . . .        (no weapon)
rCold   . . .        (no shield)
rNeg    . . .        (helmet restricted)
rPois   .            (no amulet)
rElec   .            (no ring)
rCorr   .            (no ring)
SInv    .            (no ring)
Will    .....        (no ring)
Stlth   +++          (no ring)
HPRegen 0.21/turn    (no ring)
MPRegen 0.08/turn    (no ring)
                     (no ring)

%: no passive effects
@: attractive, very slightly contaminated
A: almost no armour, amphibious, 8 rings, camouflage 1, gelatinous body 1,
(nimble swimmer 1), tentacles
a: no special abilities


You were on level 1 of the Dungeon.
You visited 1 branch of the dungeon, and saw 1 of its levels.

Inventory:

Potions
 a - a potion of magic


   Skills:
 - Level 2.0 Dodging
 - Level 2.6 Stealth
 - Level 2.0 Spellcasting
 - Level 1.0 Transmutations
 + Level 3.9 Poison Magic


You had 3 spell levels left.
You knew the following spells:

 Your Spells              Type           Power      Damage    Failure   Level
a - Sting                 Tmut/Pois      40%        1d5       7%          1

Your spell library contained the following spells:

 Spells                   Type           Power      Damage    Failure   Level
 Poisonous Vapours        Pois/Air       16%        N/A       13%         2
 Mephitic Cloud           Conj/Pois/Air  6%         N/A       34%         3
 Olgreb's Toxic Radiance  Pois           15%        N/A       36%         4


Dungeon Overview and Level Annotations

Branches:
Dungeon (1/15) Zot: 5904

Altars:


Innate Abilities, Weirdness & Mutations

You cannot wear most types of armour.
You are amphibious.
You can wear up to eight rings at the same time.
Your skin changes colour to match your surroundings (Stealth+).
Your rubbery body absorbs attacks. (AC +1, EV +1)
((You are camouflaged when in or above water. (Stealth+)))
You have tentacles for arms and can constrict up to eight enemies at once.


Message History

The hobgoblin hits you. The jackal is attracted toward you.
The goblin is attracted toward you.
You take 4 damage, and have 4/11 hp.
MASSIVE DAMAGE!!
You barely miss the hobgoblin. Your squeeze misses the hobgoblin.
The hobgoblin is lightly wounded.
You constrict the hobgoblin. The jackal barely misses you.
The hobgoblin closely misses you.
You tentacle-slap the jackal but do no damage.
You grab the jackal. You squeeze the jackal.
You kill the jackal!
You constrict the hobgoblin. The jackal misses you.
The goblin barely misses you. The hobgoblin misses you.
The jackal is attracted toward you.
Casting: Sting (safe; 7% risk of failure)
Confirm with . or Enter, or press ? or * to list all spells.
You don't have enough magic to cast this spell.
Unknown command.
Casting: Sting (safe; 7% risk of failure)
Confirm with . or Enter, or press ? or * to list all spells.
You don't have enough magic to cast this spell.
Unknown command.
The jackal barks!
You tentacle-slap the goblin. You grab the goblin.
The goblin is moderately wounded.
You constrict the hobgoblin.
You constrict the goblin, but do no damage.
The jackal bites you but does no damage.
The goblin closely misses you. The hobgoblin hits you.
* * * LOW HITPOINT WARNING * * *
You take 2 damage, and have 2/11 hp.
You tentacle-slap the goblin.
The goblin is severely wounded.
You constrict the hobgoblin.
You kill the hobgoblin!
You constrict the goblin.
You kill the goblin!
The jackal closely misses you.
The jackal bites you but does no damage.
The jackal bites you.
You die...

.... #..# #..# #..# #
#$.#.# #######
######..#.# .....hh
..§.§.....# # #.#
#.#.h#####...
###.########.#.h@)....#
...........#.#.######.#
.###.#####.#.#.## .#
#.# #.#....# .# #b#
#......# .# #.#
#.#....#
.###b#####.#.####
...........#.#
###.########.#


You could see 2 jackals.

Vanquished Creatures
  A hobgoblin (D:1)
  2 jackals (D:1)
  A goblin (D:1)
  A rat (D:1)
5 creatures vanquished.

Notes
Turn   | Place    | Note
-------+----------+-------------------------------------------
     0 | D:1      | Psyclone the Octopode Venom Mage began the quest for the
                  | Orb.
     0 | D:1      | Reached XP level 1. HP: 11/11 MP: 3/3
    95 | D:1      | Slain by a jackal

Illustrated notes

Levels and vault maps discovered:
D:1:      dpeg_arrival_tiny_k, layout_loops_ring, minmay_hexomino_c4

Action                     || total
---------------------------++-------
  Melee: Unarmed           ||     6
         Constrict         ||     4
         Tentacles         ||     2
   Cast: Sting             ||     4
    Use: Scroll            ||     2
         Potion            ||     2
 Armour: Skin              ||     3
  Dodge: Dodged            ||    11
